 Dungeon Crawl Stone Soup version 0.17-a0-1718-g72dbe4d (webtiles) character file.

613 matakusis the Slasher (level 7, -5/54 HPs)
             Began as a Demonspawn Gladiator on Aug 24, 2015.
             Slain by a sky beast (6 damage)
             ... on level 5 of the Dungeon.
             The game lasted 00:14:50 (3717 turns).

matakusis the Slasher (Demonspawn Gladiator)        Turns: 3717, Time: 00:14:50

Health: -5/54      AC: 18    Str: 15    XL:     7   Next: 20%
Magic:  0/7        EV:  5    Int:  9    God:
Gold:   255        SH:  0    Dex: 16    Spells: 0 memorised, 6 levels left

rFire  . . .     SeeInvis .     a - +0 long sword
rCold  . . .     Clarity  .     l - +0 plate armour (curse)
rNeg   . . .     SustAt   +     (no shield)
rPois  .         Gourm    .     c - +0 helmet
rElec  .         Spirit   +     t - +2 cloak
rCorr  .         Warding  .     (no gloves)
rMut   .         Stasis   .     (no boots)
MR     .....                    s - amulet of rage
Stlth  ..........               (no ring)
                                g - ring of sustain attributes

@: exhausted, very slightly contaminated, slowed, invisible, very slow, not
resistant to hostile enchantments, extremely unstealthy
A: molten scales 2, nightstalker 1, magic shield
a: Evoke Berserk Rage


You were on level 5 of the Dungeon.
You were hungry.

You visited 1 branch of the dungeon, and saw 5 of its levels.

You collected 255 gold pieces.

Inventory:

Hand weapons
 a - a +0 long sword (weapon)
Missiles
 d - 4 throwing nets (quivered)
 h - 2 javelins
Armour
 b - a +0 leather armour
 c - a +0 helmet (worn)
 l - a cursed +0 plate armour (worn)
 t - a +2 cloak (worn)
Jewellery
 g - a ring of sustain attributes (left hand)
 s - an amulet of rage (around neck)
Magical devices
 p - a wand of paralysis (5)
Scrolls
 i - 2 scrolls of identify
 n - 2 scrolls of remove curse
 q - a scroll of noise
 v - a scroll of magic mapping
Potions
 j - a potion of might
 k - 2 potions of agility
 m - 2 potions of flight
 r - 2 potions of brilliance
Comestibles
 e - 4 bread rations


   Skills:
 + Level 4.3 Fighting
 + Level 4.8 Long Blades
 - Level 1.7 Throwing
 + Level 3.5 Armour
 + Level 3.7 Dodging


You had 6 spell levels left.
You didn't know any spells.

Dungeon Overview and Level Annotations

Branches:
Dungeon (5/15)
 Temple: D:4-7

Altars:
Okawaru
Qazlal

Shops:
D:4 ?


Innate Abilities, Weirdness & Mutations

You are mostly covered in molten scales (AC +3, EV -1).
You are slightly more attuned to the shadows.
When hurt, damage is shared between your health and your magic reserves.


Message History

The gnoll hits you but does no damage.
You hit the gnoll.
The gnoll is heavily wounded.
Something hits you. Something shocks you.
* * * LOW HITPOINT WARNING * * *
The gnoll throws a throwing net.
The gnoll barely misses you. Something hits you but does no damage.
The gnoll hits you but does no damage.
You closely miss the gnoll.
The gnoll is heavily wounded.
Something hits you but does no damage. The gnoll barely misses you.
The gnoll hits you but does no damage. Something hits you.
* * * LOW HITPOINT WARNING * * *
Something shocks you.
* * * LOW HITPOINT WARNING * * *
The gnoll hits you from afar with a spear!
* * * LOW HITPOINT WARNING * * *
Something hits you.
* * * LOW HITPOINT WARNING * * *
Something shocks you.
You die...

.. # #......## .#
#.......##### ..#
#........#..##.#
#.##..............#
##.#...........<..##
#.......)..........# .
#.....@.#g......#### ..
##...(..g.).†...## ...
#.........).).#..# ..l.
#........#####g.#
.....#.......####..g.###
.g.....##..#.##....>...#
g#....###.......g>........
##... #......g..........
##.. #..._..##...#.....


You could see a gnoll.

Vanquished Creatures
  An ogre (D:4)
  The ghost of lazykool the Conjurer, an average GrWz (D:3)
  Blork the orc (D:4)
  A gnoll shaman (D:5)
  3 orc wizards (D:4)
  2 iguanas
  2 worker ants (D:4)
  A hound skeleton (D:4)
  5 adders (D:2)
  7 gnolls
  A worm (D:2)
  3 giant geckos
  5 orcs (D:4)
  4 giant cockroaches
  8 goblins
  4 hobgoblins
  7 jackals (D:1)
  A quokka (D:4)
  4 bats
  4 giant newts
  11 kobolds
  A quokka skeleton (D:4)
  4 rats
81 creatures vanquished.

Notes
Turn   | Place    | Note
--------------------------------------------------------------
     0 | D:1      | matakusis the Demonspawn Gladiator began the quest for the Orb.
     0 | D:1      | Reached XP level 1. HP: 16/16 MP: 1/1
   112 | D:1      | Reached skill level 3 in Long Blades
   173 | D:1      | Gained mutation: When hurt, damage is shared between your health and your magic reserves. [demonic ancestry]
   173 | D:1      | Reached XP level 2. HP: 12/22 MP: 2/2
   983 | D:2      | Gained mutation: You are partially covered in molten scales (AC +1). [demonic ancestry]
   983 | D:2      | Reached XP level 3. HP: 19/28 MP: 0/3
  1472 | D:2      | Reached XP level 4. HP: 34/34 MP: 4/4
  1552 | D:2      | Reached skill level 1 in Armour
  1745 | D:2      | You fall through a shaft!
  2044 | D:3      | Found an iron altar of Okawaru.
  2085 | D:3      | Noticed lazykool's ghost (average GrWz)
  2096 | D:3      | Killed lazykool's ghost
  2096 | D:3      | Gained mutation: You are slightly more attuned to the shadows. [demonic ancestry]
  2096 | D:3      | Reached XP level 5. HP: 35/41 MP: 3/5
  2527 | D:4      | Reached skill level 4 in Long Blades
  2560 | D:4      | Noticed Blork the orc
  2574 | D:4      | Killed Blork the orc
  2574 | D:4      | Reached XP level 6. HP: 42/47 MP: 4/6
  2650 | D:4      | Noticed an ogre
  2664 | D:4      | Killed an ogre
  3252 | D:4      | Found Waclol's Magic Scroll Emporium.
  3285 | D:4      | Gained mutation: You are mostly covered in molten scales (AC +3, EV -1). [demonic ancestry]
  3285 | D:4      | Reached XP level 7. HP: 39/54 MP: 4/7
  3654 | D:5      | Entered Level 5 of the Dungeon
  3661 | D:5      | Found a stormy altar of Qazlal.
  3717 | D:5      | HP: 1/54 [something (4)]
  3717 | D:5      | Slain by a sky beast

Vault maps used:
D:1:      matt_arrival_diagonals, st_stairs_1
D:3:      first_bread, okawaru_trees_1
D:4:      serial_shops, shop, uniq_blork_the_orc
D:5:      basic_altar, serial_shops, kennysheep_little_box, minivault_1,
          minmay_crossroads

Action                   |  1- 3 |  4- 6 |  7- 9 || total
-------------------------+-------+-------+-------++-------
Melee: Long sword        |   155 |   178 |    13 ||   346
Throw: Throwing net      |       |     3 |       ||     3
 Abil: Evoke Berserk Rag |       |       |     1 ||     1
  Use: Scroll            |       |    16 |     2 ||    18
       Potion            |       |     8 |     1 ||     9
 Stab: Held in net/web   |       |     1 |       ||     1
  Eat: Chunk             |     2 |     1 |     1 ||     4
       Bread ration      |       |     1 |       ||     1
       Pizza             |       |       |     1 ||     1
